 Dungeon Sprint DCSS version 0.30.1-11-g7821555f0a (webtiles) character file.

Game seed: 10554786876385318723

602 DiggyJ the Blocker (level 7, -11/108 HPs)
             Began as a Minotaur Fighter on Jan 8, 2024.
             Was a Priest of Cheibriados.
             Mangled by a ten-headed hydra (12 damage)
             ... in the Dungeon (Sprint IX: "|||||||||||||||||||||||||||||").
             The game lasted 00:02:24 (198 turns).

DiggyJ the Blocker (Minotaur Fighter)                Turns: 198, Time: 00:02:25

Health: -11/108    AC:  8    Str: 29    XL:     7   Next: 18%
Magic:  6/6        EV: 10    Int: 14    God:    Cheibriados [***...]
Gold:   0          SH: 12    Dex: 18    Spells: 6/6 levels left

rFire   . . .        a - +0 long sword
rCold   . . .        d - +0 kite shield
rNeg    . . .        r - +0 acid dragon scales
rPois   .            (helmet restricted)
rElec   .            (no cloak)
rCorr   +            (no gloves)
SInv    .            (no boots)
Will    .....        (no amulet) Stlth
                     q - +3 ring of dexterity
HPRegen 0.38/turn    p - +3 ring of intelligence
MPRegen 0.10/turn

%: no teleportation
@: berserking, very slow
A: horns 2, retaliatory headbutt
a: Renounce Religion, Bend Time, Temporal Distortion


You were in the Dungeon.
You worshipped Cheibriados.
Cheibriados was most pleased with you.
You visited 1 branch

Inventory:

Hand Weapons
 a - a +0 long sword (weapon)
 n - a +2 scimitar of holy wrath
Armour
 b - a +0 scale mail
 c - a +0 buckler
 d - a +0 kite shield (worn)
 o - a +1 chain mail
 r - +0 acid dragon scales (worn)
Jewellery
 p - a +3 ring of intelligence (right hand)
 q - a +3 ring of dexterity (left hand)
Wands
 m - a wand of roots (6)
Scrolls
 j - a scroll of blinking
 l - 2 scrolls of amnesia
Potions
 e - 5 potions of curing
 f - a potion of invisibility
 g - a potion of haste
 h - 4 potions of magic
 k - a potion of heal wounds


   Skills:
 + Level 10.2 Fighting
 + Level 8.8 Long Blades
 + Level 10.0 Armour
 + Level 0.5 Dodging
 + Level 10.4 Shields
 + Level 1.0 Evocations


You had 6 spell levels left.
You didn't know any spells.
Your spell library was empty.

Dungeon Overview and Level Annotations

Branches:
Dungeon (1/1)

Altars:
Cheibriados
Dithmenos
Elyvilon
Fedhas
Gozag
Hepliaklqana
Kikubaaqudgha
Makhleb
Nemelex Xobeh
Okawaru
Qazlal
Ru
Sif Muna
Trog
Uskayaw
Vehumet
Wu Jian
Xom
Yredelemnul
Zin
The Shining One
Jiyva
Lugonu


Innate Abilities, Weirdness & Mutations

You have a pair of horns on your head.
You reflexively headbutt those who attack you in melee.


Message History

You headbutt the eight-headed hydra!!
The eight-headed hydra is heavily wounded.
You block the eight-headed hydra's attack.
The eight-headed hydra closely misses you.
You block the eight-headed hydra's attack.
The eight-headed hydra bites you!
The eight-headed hydra bites you but does no damage. x3
The eight-headed hydra closely misses you.
You chop one of the eight-headed hydra's heads off!
The seven-headed hydra grows two more!
You slash the nine-headed hydra!
The nine-headed hydra is heavily wounded.
The nine-headed hydra bites you but does no damage.
The nine-headed hydra bites you!
You block the nine-headed hydra's attack.
The nine-headed hydra bites you but does no damage.
You block the nine-headed hydra's attack.
The nine-headed hydra bites you! The nine-headed hydra bites you. x2
You block the nine-headed hydra's attack.
You lop one of the nine-headed hydra's heads off!
The eight-headed hydra grows two more!
You slash the ten-headed hydra!
The ten-headed hydra is severely wounded.
The ten-headed hydra bites you!
* * * LOW HITPOINT WARNING * * *
The ten-headed hydra bites you but does no damage. x3
You block the ten-headed hydra's attack.
The ten-headed hydra barely misses you. The ten-headed hydra misses you.
The ten-headed hydra bites you.
* * * LOW HITPOINT WARNING * * *
You block the ten-headed hydra's attack. x2
The ten-headed hydra bites you but does no damage.
The ten-headed hydra bites you!
* * * LOW HITPOINT WARNING * * *
The ten-headed hydra bites you but does no damage.
The ten-headed hydra bites you!
* * * LOW HITPOINT WARNING * * *
The ten-headed hydra bites you but does no damage.
The ten-headed hydra bites you!
* * * LOW HITPOINT WARNING * * *
The ten-headed hydra bites you!
You die... ▓▓▓▓▓▓▓▓▓▓▓▓▓▓▓▓▓▓▓▓▓▓▓▓ .JSTTQD@...))†...[[.)†)' ▓▓▓▓▓▓▓▓▓▓▓▓▓▓▓▓▓▓▓▓▓▓▓▓

You could see a ten-headed hydra, a slime creature, a tengu warrior, a guardian serpent and 2 trolls.

Vanquished Creatures
  A yak (D)
  An acid dragon (D)
  A centaur (D)
  A gnoll sergeant (D)
  A wight (D)
  A killer bee (D)
  A jelly (D)
  2 hounds (D)
  An iguana (D)
  An orc (D)
  An endoplasm (D)
  2 goblins (D)
  A hobgoblin (D)
  A rat (D)
16 creatures vanquished.

Notes
Turn   | Place    | Note
-------+----------+-------------------------------------------
     0 | D        | DiggyJ the Minotaur Fighter began the quest for the Orb.
     0 | D        | Reached XP level 1. HP: 19/19 MP: 0/0
    24 | D        | Noticed a hound
    24 | D        | Noticed a hound
    24 | D        | Noticed an iguana
    24 | D        | Noticed a jelly
    27 | D        | Killed a jelly
    28 | D        | Reached skill level 5 in Fighting
    28 | D        | Reached skill level 5 in Armour
    28 | D        | Reached skill level 5 in Shields
    28 | D        | Reached XP level 2. HP: 8/29 MP: 1/1
    28 | D        | Reached XP level 3. HP: 10/36 MP: 2/2
    30 | D        | HP: 1/36 [iguana (10)]
    40 | D        | Reached XP level 4. HP: 41/45 MP: 3/3
    42 | D        | Reached skill level 5 in Long Blades
    48 | D        | Found a snail-covered altar of Cheibriados.
    48 | D        | Found a shadowy altar of Dithmenos.
    48 | D        | Found a white marble altar of Elyvilon.
    48 | D        | Found a blossoming altar of Fedhas.
    48 | D        | Found an opulent altar of Gozag.
    49 | D        | Found a hazy altar of Hepliaklqana.
    50 | D        | Found a viscous altar of Jiyva.
    51 | D        | Found an ancient bone altar of Kikubaaqudgha.
    52 | D        | Became a worshipper of Cheibriados the Contemplative
    53 | D        | Found a corrupted altar of Lugonu.
    54 | D        | Found a burning altar of Makhleb.
    55 | D        | Found a sparkling altar of Nemelex Xobeh.
    56 | D        | Found an iron altar of Okawaru.
    57 | D        | Found a stormy altar of Qazlal.
    58 | D        | Found a sacrificial altar of Ru.
    59 | D        | Found a shimmering blue altar of Sif Muna.
    60 | D        | Found a bloodstained altar of Trog.
    61 | D        | Found a hide-covered altar of Uskayaw.
    62 | D        | Found a radiant altar of Vehumet.
    63 | D        | Found an ornate altar of the Wu Jian Council.
    64 | D        | Found a shimmering altar of Xom.
    65 | D        | Found a basalt altar of Yredelemnul.
    66 | D        | Found a glowing silver altar of Zin.
    67 | D        | Found a glowing golden altar of the Shining One.
   105 | D        | Noticed a yak
   105 | D        | Noticed a gnoll sergeant
   105 | D        | Noticed a centaur
   105 | D        | Noticed an acid dragon
   109 | D        | Killed an acid dragon
   109 | D        | Reached * piety under Cheibriados
   110 | D        | Reached XP level 5. HP: 28/56 MP: 4/4
   110 | D        | Reached XP level 6. HP: 31/62 MP: 5/5
   114 | D        | Reached ** piety under Cheibriados
   130 | D        | Killed a yak
   130 | D        | Reached *** piety under Cheibriados
   131 | D        | Reached skill level 10 in Fighting
   131 | D        | Reached skill level 10 in Armour
   131 | D        | Reached skill level 10 in Shields
   131 | D        | Reached skill level 1 in Evocations
   131 | D        | Reached XP level 7. HP: 45/72 MP: 6/6
   192 | D        | Noticed a slime creature
   192 | D        | Noticed a guardian serpent
   192 | D        | Noticed a troll
   192 | D        | Noticed a troll
   192 | D        | Noticed a tengu warrior
   192 | D        | Noticed a six-headed hydra
   198 | D        | HP: 1/108 [ten-headed hydra (11)]
   198 | D        | Mangled by a ten-headed hydra

Illustrated notes

Levels and vault maps discovered:
D:        linesprint [early_d, line_temple, items_1, d_10, items_2, lair_1,
          lair_end, items_3, orc_1, orc_end, items_4, d_15, swamp_1, shoals_1,
          snake_1, spider_1, d_20, vaults_1, items_5, swamp_end, shoals_end,
          snake_end, spider_end, vaults_end, d_27, items_6, zot_1, zot_end,
          crypt_end, forest_end, elf_end, slime_end, tomb_end, abyss_end,
          pan_hell_end]

Skill      XL: |  1  2  3  4  5  6 |
---------------+-------------------+-----
Fighting       | 5 6 8 10 | 10.2
Armour         | 5 6 8 10 | 10.0
Shields        | 5 6 8 10 | 10.4
Long Blades    | 3 4 6 8 |  8.8
Evocations     | 1 |  1.0
Dodging        | |  0.5

Action                     |  1- 3 |  4- 6 |  7- 9 || total
---------------------------+-------+-------+-------++-------
  Melee: Long sword        |    28 |    10 |     5 ||    43
         Headbutt          |     4 |     1 |     1 ||     6
  Evoke: Wand              |       |     4 |       ||     4
    Use: Potion            |     1 |     2 |     1 ||     4
         Scroll            |       |     1 |       ||     1
 Armour: Scale mail        |    13 |     1 |       ||    14
         Chain mail        |       |     4 |       ||     4
         Acid dragon scale |       |       |    12 ||    12
  Dodge: Dodged            |    14 |     6 |     8 ||    28
  Block: Buckler           |     2 |     5 |       ||     7
         Kite shield       |       |       |    15 ||    15
